 Dungeon Crawl Stone Soup version 0.30-a0-365-ge7f957f1db (webtiles) character file.

Game seed: 12594227224077509896

723 Hubris850 the Martial Artist (level 7, 0/50 HPs)
             Began as a Merfolk Transmuter on Nov 17, 2022.
             Was an Initiate of Gozag.
             Slain by an orc
             ... wielding a +0 hand axe
              (6 damage)
             ... on level 5 of the Dungeon.
             The game lasted 00:09:33 (4694 turns).

Hubris850 the Martial Artist (Merfolk Transmuter)   Turns: 4694, Time: 00:09:34

Health: 0/50       AC:  8    Str: 11    XL:     7   Next: 71%
Magic:  20/20      EV: 11    Int: 14    God:    Gozag
Gold:   487        SH:  0    Dex: 14    Spells: 7/12 levels left

rFire   . . .      SeeInvis .      - Unarmed
rCold   + . .      Faith    .    (no shield)
rNeg    . . .      Spirit   .    f - +0 ring mail
rPois   .          Reflect  .    (no helmet)
rElec   .          Harm     .    (no cloak)
rCorr   .          Rampage  .    h - +2 pair of gloves
Will    .....                    (no boots)
Stlth   +.........               (no amulet)
HPRegen 0.28/turn                m - ring of protection from cold
MPRegen 0.17/turn                y - ring of magical power

@: gold aura
A: (nimble swimmer 2), mertail
a: Renounce Religion, Potion Petition, Call Merchant, Bribe Branch


You were on level 5 of the Dungeon.
You worshipped Gozag.
Gozag was aware of your devotion.
You visited 1 branch of the dungeon, and saw 5 of its levels.

You collected 487 gold pieces.

Inventory:

Hand Weapons
 e - a +0 dagger
 g - a +0 short sword
 p - a +1 dagger of venom
 z - a +2 sling of flaming
Missiles
 k - 2 boomerangs of dispersal (quivered)
Armour
 a - a +0 robe
 f - a +0 ring mail (worn)
 h - a +2 pair of gloves (worn)
Magical Staves
 v - a staff of cold
Jewellery
 m - a ring of protection from cold (left hand)
 s - a ring of willpower
 y - a ring of magical power (right hand)
Scrolls
 c - a scroll of enchant armour
 n - 2 scrolls of poison
 o - a scroll of noise {unknown}
 r - a scroll of silence {unknown}
 t - a scroll of amnesia {unknown}
 u - a scroll of teleportation
Potions
 b - a potion of lignification
 i - 3 potions of flight
 j - a potion of resistance {unknown}
 l - a potion of attraction
 q - a potion of might
 x - a potion of curing


   Skills:
 - Level 2.0 Fighting
 - Level 3.3 Dodging
 - Level 8.0 Unarmed Combat
 + Level 3.0 Spellcasting
 + Level 4.2 Transmutations
 + Level 2.4 Ice Magic


You had 7 spell levels left.
You knew the following spells:

 Your Spells              Type           Power      Damage    Failure   Level
a - Beastly Appendage     Tmut           28%        N/A       9%          1
b - Ice Form              Ice/Tmut       11%        N/A       78%         4

Your spell library contained the following spells:

 Spells                   Type           Power      Damage    Failure   Level
 Wereblood                Tmut           14%        N/A       14%         2
 Ozocubu's Armour         Ice            8%         N/A       50%         3
 Spider Form              Tmut/Pois      8%         N/A       54%         3
 Blink                    Tloc           4%         N/A       61%         2
 Momentum Strike          Conj/Tloc      4%         3d8       61%         2
 Ignite Poison            Fire/Tmut/Pois 6%         N/A       65%         3
 Kindle Blastsparks       Fire/Tloc/Air  4%         2d10      83%         3
 Lesser Beckoning         Tloc           4%         N/A       83%         3
 Freezing Cloud           Conj/Ice/Air   2%         6-21      100%        5
 Ozocubu's Refrigeration  Ice            4%         4d8       100%        7


Dungeon Overview and Level Annotations

Branches:
Dungeon (5/15)             Temple (0/1) D:5

Altars:
Gozag
Qazlal


Innate Abilities, Weirdness & Mutations

((You are very nimble when in or above water. (Stealth+, EV+, Speed+++)))
Your lower body shifts to a powerful aquatic tail in water.


Message History

You hear a shout! x2
The orc wizard hits you but does no damage.
The orc warrior hits you with a +0 flail!
You hit the orc warrior.
The orc warrior looks as sick as possible!
The orc warrior is lightly wounded.
You kill the orc wizard!
The orc warrior hits you with a +0 flail.
* * * LOW HITPOINT WARNING * * *
Your Spellcasting skill increases to level 3!
You feel much better.
The orc warrior hits you with a +0 flail.
You hit the orc warrior but do no damage.
The orc warrior looks as sick as possible!
The orc warrior is moderately wounded.
The orc warrior closely misses you. The orc hits you but does no damage.
You hit the orc warrior but do no damage.
The orc warrior looks as sick as possible!
Your punch misses the orc warrior.
The orc warrior is moderately wounded.
The orc hits you with a +0 hand axe.
The orc warrior hits you with a +0 flail!
Your +1 dagger of venom stops dripping with poison.
You are now empty-handed.
You hit the orc warrior but do no damage.
The orc warrior is heavily wounded.
The orc warrior hits you with a +0 flail!
The orc barely misses you.
You barely miss the orc warrior.
The orc warrior is heavily wounded.
The orc closely misses you.
The orc warrior hits you with a +0 flail!
* * * LOW HITPOINT WARNING * * *
You hit the orc warrior. Your punch misses the orc warrior.
The orc warrior is heavily wounded.
The orc warrior hits you with a +0 flail.
* * * LOW HITPOINT WARNING * * *
The orc hits you with a +0 hand axe.
You die...
Your body crumbles into a pile of gold.

..................... .#.#
.........#.........## ....
#.................... #...
############o........###...
≈≈≈§§§≈#.......#..##...
§.§§....##....#.<.....
≈≈§§≈§≈#..#....#.#....#
#############(## .....#.#...
##..........@o..# #....###...
###...........$o..###..........
#...............#..#...........
###............##.##...........
#...........###.......####...
###..........##..#...#.# #....
##.#..............##....# #....
#...............##...#♣P# ##P..
##....#....#.......### # ♣.P#


You could see an orc warrior (extremely poisoned) and an orc.

Vanquished Creatures
  2 black bears
  4 scorpions (D:5)
  5 hounds (D:4)
  An orc wizard (D:5)
  5 adders
  3 worms
  4 dart slugs
  3 orcs
  9 endoplasms
  3 giant cockroaches
  5 goblins
  6 hobgoblins
  4 jackals (D:1)
  4 quokkas
  8 ball pythons
  8 bats
  3 frilled lizards
  6 kobolds
  5 rats
88 creatures vanquished.

Notes
Turn   | Place    | Note
-------+----------+-------------------------------------------
     0 | D:1      | Hubris850 the Merfolk Transmuter began the quest for the
                  | Orb.
     0 | D:1      | Reached XP level 1. HP: 15/15 MP: 3/3
   309 | D:1      | Reached XP level 2. HP: 18/21 MP: 5/5
   614 | D:1      | Reached XP level 3. HP: 27/27 MP: 6/6
   954 | D:1      | Reached skill level 4 in Unarmed Combat
  1548 | D:2      | Found a faded altar of an unknown god.
  1651 | D:2      | Prayed at the altar of an unknown god.
  1651 | D:2      | Became a worshipper of Gozag Ym Sagoz the Greedy
  1870 | D:3      | Reached XP level 4. HP: 24/33 MP: 7/7
  2217 | D:3      | Reached skill level 5 in Unarmed Combat
  2723 | D:4      | Reached XP level 5. HP: 37/38 MP: 8/8
  2729 | D:4      | Noticed a black bear
  2738 | D:4      | Killed a black bear
  2739 | D:4      | Reached skill level 6 in Unarmed Combat
  2857 | D:4      | Reached XP level 6. HP: 39/44 MP: 9/9
  2867 | D:4      | Reached skill level 7 in Unarmed Combat
  3137 | D:4      | Noticed a water elemental
  3249 | D:4      | Found a stormy altar of Qazlal.
  3252 | D:4      | Noticed an air elemental
  3253 | D:4      | Noticed a fire elemental
  4310 | D:5      | Entered Level 5 of the Dungeon
  4320 | D:5      | Reached skill level 8 in Unarmed Combat
  4320 | D:5      | Reached XP level 7. HP: 50/50 MP: 10/10
  4325 | D:5      | Learned a level 4 spell: Ice Form
  4391 | D:5      | Found a staircase to the Ecumenical Temple.
  4400 | D:5      | Reached skill level 1 in Ice Magic
  4694 | D:5      | Slain by an orc

Illustrated notes

Levels and vault maps discovered:
D:1:      ncdulo_halloftheorcs, layout_basic, minmay_vboxes
D:2:      layout_rooms, chequers_ecumenical_altar_lobes,
          nicolae_kite_square_tiling_tiny
D:3:      layout_basic
D:4:      layout_layer_cave, nicolae_qazlal_style_of_elements
D:5:      kennysheep_kobold_camp, layout_cave_pools, marbit_many_paths,
          lemuel_coloured_pillars_altar, minmay_temple_entry_waves,
          amcnicky_mini_rare_corridor_liquid, minmay_misc_feat_five,
          serial_bayou_pond_c

Skill      XL: |  1  2  3  4  5  6  7 |
---------------+----------------------+-----
Dodging        | 3 |  3.3
Fighting       | 2 |  2.0
Unarmed Combat | 4 5 6 8 |  8.0
Transmutations | 4 |  4.2
Ice Magic      | 2 |  2.4
Spellcasting   | 3 |  3.0

Action                   |  1- 3 |  4- 6 |  7- 9 || total
-------------------------+-------+-------+-------++-------
Melee: Unarmed           |    26 |       |     3 ||    29
       Dagger            |    98 |   155 |    35 ||   288
       Punch             |     5 |     4 |       ||     9
       Short sword       |    89 |       |       ||    89
       Headbutt          |     4 |       |       ||     4
Throw: Dart              |       |     6 |     4 ||    10
       Boomerang         |       |       |     1 ||     1
 Cast: Beastly Appendage |     1 |       |       ||     1
  Use: Scroll            |       |    10 |     1 ||    11
       Potion            |       |       |     1 ||     1
 Stab: Distracted        |       |     1 |       ||     1
Armor: Robe              |     9 |       |       ||     9
       Ring mail         |    70 |    53 |    21 ||   144
Dodge: Dodged            |   146 |    88 |    28 ||   262

Table legend: (Time is in decaauts)
 A = Elapsed time spent in this place.
 B = Non-inter-level travel time spent in this place.
 C = Inter-level travel time spent in this place.
 D = Time resting spent in this place.
 E = Time spent auto-exploring this place.
 F = Levels seen in this place.
 G = Mean time per level.
                   A        B        C        D        E       F      G
               +--------+--------+--------+--------+--------+-----+--------+
         Total |   4688 |   4591 |     97 |    258 |   3463 |   5 |  937.6 |
       Dungeon |   4688 |   4591 |     97 |    258 |   3463 |   5 |  937.6 |
               +--------+--------+--------+--------+--------+-----+--------+

Top non-repeatable levels by time:
     D:4: 1655 daAuts
     D:1: 1258 daAuts
     D:3: 818 daAuts
     D:2: 572 daAuts
     D:5: 383 daAuts
